 Dungeon Crawl Stone Soup version 0.27.0-1-g7a089689b8 (webtiles) character file.

Game seed: 8395624490142395474

242 Leibowitz the Conjurer (level 5, -11/39 HPs)
             Began as a Demigod Conjurer on Aug 10, 2021.
             Mangled by an orc warrior (13 damage)
             ... on level 4 of the Dungeon on Aug 11, 2021.
             The game lasted 00:10:37 (3206 turns).

Leibowitz the Conjurer (Demigod Conjurer)           Turns: 3206, Time: 00:10:37

Health: -11/39     AC:  4    Str:  8    XL:     5   Next: 52%
Magic:  7/11       EV: 16    Int: 24    God:
Gold:   106        SH:  0    Dex: 12    Spells: 4/9 levels left

rFire    . . .     SeeInvis .   a - +3 short sword
rCold    . . .     Faith    .   (no shield)
rNeg     . . .     Spirit   .   u - +0 robe
rPois    .         Reflect  .   (no helmet)
rElec    .         Harm     .   t - +0 cloak
rCorr    .         Rampage  .   c - +0 pair of gloves
Will     .....                  (no boots)
Stlth    +.........             (no amulet)
HPRegen  0.13/turn              i - ring of flight
MPRegen  0.12/turn              s - +4 ring of evasion

@: confused, brilliant, flying
A: high mp 1, forlorn
a: no special abilities


You were on level 4 of the Dungeon.
You visited 1 branch of the dungeon, and saw 4 of its levels.

You collected 106 gold pieces.

Inventory:

Hand Weapons
 a - a +3 short sword (weapon)
Armour
 c - a +0 pair of gloves (worn)
 t - a +0 cloak (worn)
 u - a +0 robe (worn)
Jewellery
 i - a ring of flight (left hand)
 s - a +4 ring of evasion (right hand)
Wands
 j - a wand of digging (3)
 n - a wand of flame (27)
 q - a wand of mindburst (8)
Scrolls
 b - a scroll of enchant armour {unknown}
 d - a scroll of enchant weapon {unknown}
 e - 2 scrolls of teleportation {unknown}
 g - a scroll of torment {unknown}
 h - a scroll of fear {unknown}
 k - 5 scrolls of noise {unknown}
 m - 2 scrolls of vulnerability {unknown}
 p - 4 scrolls of identify {unknown}
Potions
 l - a potion of brilliance
 r - a potion of attraction {unknown}


   Skills:
 + Level 0.5 Fighting
 + Level 1.1 Short Blades
 + Level 2.1 Dodging
 + Level 3.5 Stealth
 + Level 2.5 Spellcasting
 + Level 4.8 Conjurations
 + Level 0.8 Hexes
 + Level 0.2 Ice Magic


You had 4 spell levels left.
You knew the following spells:

 Your Spells              Type           Power      Damage    Failure   Level
a - Magic Dart            Conj           100%       1d8       1%          1
b - Searing Ray           Conj           78%        3d6       2%          2
c - Ensorcelled Hibernat  Hex/Ice        16%        N/A       14%         2

Your spell library contained the following spells:

 Spells                   Type           Power      Damage    Failure   Level
 Corona                   Hex            11%        N/A       9%          1
 Dazzling Flash           Conj/Hex       48%        N/A       11%         3
 Tukima's Dance           Hex            10%        N/A       24%         3
 Spider Form              Tmut/Pois      2%         N/A       34%         3
 Fulminant Prism          Conj/Hex       12%        3d9       34%         4
 Iskenderun's Mystic Bla  Conj/Tloc      21%        2d6       38%         4
 Shadow Creatures         Summ           N/A        N/A       100%        6


Dungeon Overview and Level Annotations

Branches:
Dungeon (4/15)
 Temple: D:4-7


Innate Abilities, Weirdness & Mutations

Your attributes grow dramatically as you level up.
You have an increased reservoir of magic. (+10% MP)
You shall have no god before yourself.


Message History

The orc wizard flickers and vanishes!
Deactivating autopickup; reactivate with Ctrl-A.
The orc priest calls down the wrath of Beogh upon you.
Beogh smites you!
You hear a shout!
Casting: Searing Ray (safe; 2% risk of failure)
Confirm with . or Enter, or press ? or * to list all spells.
Aiming: Searing Ray (safe; 2% risk of failure)
Press: ? - help, Shift-Dir - straight line, f - orc warrior
Aim: an orc warrior, wielding a +3 trident and wearing a +0 chain mail (77% to hit)
The searing ray hits the orc warrior.
The orc warrior is lightly wounded.
The searing ray hits the orc priest!
The orc priest is severely wounded. (Press . to maintain the ray.)
The orc warrior misses you. Something hits you.
The searing ray hits something!
The searing ray hits the orc warrior!
The orc warrior is heavily wounded.
The searing ray misses the orc priest.
You hear a shout!
The orc warrior closely misses you. Something hits you.
The searing ray hits the orc warrior.
The orc warrior is severely wounded.
The searing ray hits the orc priest!
You kill the orc priest!
The orc warrior hits you from afar with a +3 trident.
You hear some strange, mumbled words.
You are confused.
It was a potion of brilliance.
You feel clever all of a sudden.
The orc warrior hits you from afar with a +3 trident!
* * * LOW HITPOINT WARNING * * *
Something barely misses you.
You bump into the rock wall.
The orc warrior barely misses you. Something hits you.
* * * LOW HITPOINT WARNING * * *
It was a potion of flight.
You feel more buoyant.
The orc warrior hits you from afar with a +3 trident!
You die...

###.##### #.># ...#...
##.# ###.....# #.#
.......#.# #.## #.....#.#
#... #.....#.# #...
#.....#.# #...
#########.#'##.# #...
#..)o{@...#.##.# #...
#.#########.##.# #...
#.##.########
#########....#.......
.............#.######
###########.#..........#
#................#..####
#.#########.######..#####
#.# #.####.#..#....


You could see an orc warrior.

Vanquished Creatures
  An orc priest (D:4)
  Terence (D:2)
  Natasha (thrice) (D:2)
  A hound skeleton (D:4)
  2 adders
  5 dart slugs
  13 orcs
  3 endoplasms
  2 giant cockroaches
  2 hobgoblins (D:1)
  6 jackals (D:1)
  5 kobolds
  3 quokkas
  7 ball pythons
  2 bats
  3 frilled lizards (D:2)
  2 goblins
  4 rats (D:1)
65 creatures vanquished.

Notes
Turn   | Place    | Note
-------+----------+-------------------------------------------
     0 | D:1      | Leibowitz the Demigod Conjurer began the quest for the Orb.
     0 | D:1      | Reached XP level 1. HP: 14/14 MP: 5/5
   342 | D:1      | Reached skill level 4 in Conjurations
   347 | D:1      | Reached XP level 2. HP: 19/20 MP: 0/7
   436 | D:1      | Learned a level 2 spell: Searing Ray
  1454 | D:2      | Noticed Terence
  1460 | D:2      | Noticed Natasha
  1487 | D:2      | Killed Terence
  1488 | D:2      | Reached XP level 3. HP: 19/26 MP: 2/8
  1488 | D:2      | Killed Natasha
  1489 | D:2      | Reached XP level 4. HP: 25/33 MP: 1/10
  1561 | D:2      | Noticed Natasha
  1576 | D:2      | Killed Natasha
  1853 | D:2      | Noticed Natasha
  1856 | D:2      | Killed Natasha
  2108 | D:3      | Learned a level 2 spell: Ensorcelled Hibernation
  2137 | D:3      | Reached XP level 5. HP: 24/39 MP: 3/11
  2745 | D:4      | Reached skill level 1 in Short Blades
  3197 | D:4      | Noticed an orc warrior
  3206 | D:4      | Mangled by an orc warrior

Illustrated notes

Levels and vault maps discovered:
D:1:      minmay_arrival_nine_rooms, layout_loops_ring, st_stairs_6,
          minmay_tromino_i4
D:2:      layout_loops_cross, uniq_natasha, uniq_terence
D:3:      layout_rooms
D:4:      layout_basic, overflow_temple_1_default, uniq_edmund

Skill      XL: |  1  2  3  4  5 |
---------------+----------------+-----
Conjurations   | 4 |  4.8
Stealth        | 2 3 |  3.5
Spellcasting   | 2 |  2.5
Dodging        | 2 |  2.1
Short Blades   | 1 |  1.1
Fighting       | |  0.5
Hexes          | |  0.8
Ice Magic      | |  0.2

Action                   |  1- 3 |  4- 6 || total
-------------------------+-------+-------++-------
Melee: Unarmed           |     2 |       ||     2
       Dagger            |     4 |       ||     4
       Short sword       |     3 |    27 ||    30
       Club              |     1 |       ||     1
 Cast: Magic Dart        |    27 |     3 ||    30
       Searing Ray       |    10 |    16 ||    26
       Ensorcelled Hiber |       |    12 ||    12
  Use: Potion            |       |     2 ||     2
 Stab: Sleeping          |     2 |    11 ||    13
Armor: Robe              |     8 |     5 ||    13
Dodge: Dodged            |    24 |    20 ||    44
